[Event "15e Open International d'Echecs Mont de Marsan"]
[Site "Mont de Marsan, France"]
[Date "????.??.??"]
[Round "9.2"]
[White "PENG LI, MIN"]
[Black "ETCHEGARAY, PATRICE"]
[Result "1-0"]
[TimeControl "60 minutes + 30 secondes per move"]
[WhiteTitle "IM"]
[BlackTitle "IM"]
[WhiteElo "2442"]
[BlackElo "2325"]

1. e4 e5 2. Nf3 Nc6 3. Bc4 Nf6 4. d4 exd4 5. e5 d5 6. Bb5 Ne4 7. Nxd4 Bd7 8. Bxc6 bxc6 9. O-O Bc5 10.
f3 Ng5 11. f4 Ne4 12. Be3 Qe7 13. Nd2 Nxd2 14. Qxd2 Bb6 15. Nb3 O-O 16. Rae1 Bf5 17. Qc3 Qd7 18. Bc5 Rfe8 19. Nd4 Rab8 20.
b4 Bxc5 21. Qxc5 Rb6 22. a4 Be4 23. a5 Ra6 24. Re3 f6 25. Nb3 fxe5 26. Rxe4 dxe4 27. Qc4+ Qd5 28. Qxa6 exf4 29. Rxf4 Qd1+ 30.
Qf1 Qxc2 31. Nc5 h6 32. Nxe4 Rd8 33. Nf2 Qd2 34. Qc4+ Kh8 35. h3 1-0

[Event "15e Open International d'Echecs Mont de Marsan"]
[Site "Mont de Marsan, France"]
[Date "????.??.??"]
[Round "9.3"]
[White "JEREZ PEREZ, ALFONSO"]
[Black "LEMEAUX, DAVID"]
[Result "1/2-1/2"]
[TimeControl "60 minutes + 30 secondes per move"]
[WhiteTitle "IM"]
[BlackTitle "FM"]
[WhiteElo "2418"]
[BlackElo "2239"]

1. e4 c5 2. Nf3 e6 3. c3 d5 4. exd5 Qxd5 5. d4 Nf6 6. Bd3 Be7 7. O-O O-O 8. c4 Qh5 9. Be2 Rd8 10.
Ne5 Qh4 11. Nf3 Qh5 12. Qc2 Nc6 13. dxc5 Bxc5 14. Nc3 b6 15. Bf4 Bb7 16. Rad1 Qg6 17. Qxg6 hxg6 18. a3 Nd4 19. Nxd4 Bxd4 20.
Rc1 Rd7 21. b4 e5 22. Be3 Kf8 23. Rfd1 Bxe3 24. fxe3 Bc6 25. Rxd7 Bxd7 26. e4 Rc8 27. Bd3 Ke7 28. h3 Be6 29.
Ne2 Nd7 30. Kf2 1/2-1/2